 Dungeon Crawl Stone Soup version 0.21.1-1-g345015f (webtiles) character file.

196 Fang the Skirmisher (level 5, -2/34 HPs)
             Began as a Gargoyle Berserker on May 1, 2018.
             Was a Believer of Trog.
             Killed from afar by an orc wizard (9 damage)
             ... with a magic dart
             ... on level 3 of the Dungeon.
             The game lasted 00:09:26 (3838 turns).

Fang the Skirmisher (Gargoyle Berserker)            Turns: 3838, Time: 00:09:26

Health: -2/34      AC:  8    Str: 22    XL:     5   Next: 74%
Magic:  5/5        EV: 12    Int:  7    God:    Trog [**....]
Gold:   75         SH:  0    Dex:  9    Spells: 4/4 levels left

rFire    . . .     SeeInvis .   a - +1 hand axe
rCold    + . .     Gourm    .   (no shield)
rNeg     + . .     Faith    .   b - +0 animal skin
rPois    ∞         Spirit   .   (no helmet)
rElec    +         Reflect  .   d - +1 cloak {MR+}
rCorr    .         Harm     .   (no gloves)
MR       +....                  (no boots)
Stlth    +.........             (no amulet)
HPRegen  0.11/turn              f - ring of protection from cold
MPRegen  0.09/turn              (no ring)

@: slowed, very slow
A: negative energy resistance 1, electricity resistance, unbreathing,
petrification resistance, rot immunity, AC +4
a: Berserk, Trog's Hand, Burn Spellbooks, Renounce Religion


You were on level 3 of the Dungeon.
You worshipped Trog.
Trog was pleased with you.
You were not hungry.

You visited 1 branch of the dungeon, and saw 3 of its levels.

You collected 75 gold pieces.

Inventory:

Hand Weapons
 a - a +1 hand axe (weapon)
Armour
 b - a +0 animal skin (worn)
 d - a +1 cloak of magic resistance (worn)
Jewellery
 f - a ring of protection from cold (left hand)
Wands
 i - a wand of acid (6)
Potions
 g - a potion of curing
 h - a potion of heal wounds
 j - 2 potions of mutation {unknown}
 l - a potion of lignification {unknown}
Comestibles
 c - a ration


   Skills:
 + Level 4.4 Fighting
 + Level 4.3 Axes
 + Level 2.3 Armour
 + Level 2.4 Dodging
 + Level 1.3 Stealth


You had 4 spell levels left.
You didn't know any spells.

Dungeon Overview and Level Annotations

Branches:
Dungeon (3/15)

Altars:


Innate Abilities, Weirdness & Mutations

You are resistant to torment.
Your stone body is resilient. (AC +4)
You are immune to poison.
You resist negative energy. (rN+)
You are resistant to electric shocks. (rElec)
You can survive without breathing.
You are immune to petrification.
You are immune to rotting.


Message History

The orc wizard is severely wounded.
The orc wizard gestures at you while chanting.
You feel yourself slow down.
You hit the orc wizard but do no damage.
The orc wizard is severely wounded.
The orc wizard casts a spell.
The orc wizard blinks!
Things that are here:
a chain mail; a flail; an orc skeleton You see here a leopard gecko skeleton.
The orc wizard hits you but does no damage.
There is an open door here.
The orc wizard casts a spell.
The orc wizard seems to speed up.
The orc wizard hits you with a dagger.
* * * LOW HITPOINT WARNING * * *
The orc wizard barely misses you. The orc wizard casts a spell at you.
The magic dart hits you!
You die...

###.##.## #
#. #.# .#
#.##'###.###
#........#..
##.....#....
##........#.#
#.........#.#
+.........'..
#....@....#.#
##........#.#
##..o..#....
##...######
##'## #÷# #[#
##.##
##...######.#


You could see an orc wizard.

Vanquished Creatures
  A scorpion (D:2)
  Ijyb (D:3)
  4 adders
  2 oozes (D:2)
  2 worms (D:2)
  3 dart slugs (D:1)
  2 leopard geckos
  3 orcs
  2 ball pythons
  5 giant cockroaches
  4 goblins
  5 hobgoblins
  2 jackals (D:2)
  A quokka (D:3)
  9 bats
  5 frilled lizards
  7 kobolds
  2 rats
60 creatures vanquished.

Notes
Turn   | Place    | Note
-------+----------+-------------------------------------------
     0 | D:1      | Fang the Gargoyle Berserker began the quest for the Orb.
     0 | D:1      | Reached XP level 1. HP: 14/14 MP: 1/1
   240 | D:1      | Reached XP level 2. HP: 15/19 MP: 2/2
   707 | D:1      | Reached XP level 3. HP: 22/24 MP: 3/3
   733 | D:1      | Reached ** piety under Trog
  1595 | D:2      | Noticed a scorpion
  1611 | D:2      | Killed a scorpion
  1611 | D:2      | Reached XP level 4. HP: 4/29 MP: 4/4
  2109 | D:2      | Reached skill level 1 in Stealth
  2109 | D:2      | Reached XP level 5. HP: 27/33 MP: 5/5
  3148 | D:3      | Noticed Ijyb
  3166 | D:3      | Killed Ijyb
  3838 | D:3      | Killed from afar by an orc wizard

Skill      XL: |  1  2  3  4 |
---------------+-------------+-----
Axes           | 3 4 |  4.3
Fighting       | 4 |  4.4
Dodging        | 2 |  2.4
Stealth        | 1 |  1.3
Armour         | |  2.3

Action                   |  1- 3 |  4- 6 || total
-------------------------+-------+-------++-------
Melee: Hand axe          |   116 |   113 ||   229
Invok: Berserk           |       |     1 ||     1
  Use: Scroll            |       |     8 ||     8
 Stab: Sleeping          |       |     1 ||     1
  Eat: Chunk             |     2 |     6 ||     8
       Ration            |       |     1 ||     1
Armor: Animal skin       |    44 |    57 ||   101
Dodge: Dodged            |    99 |    86 ||   185
